 Dungeon Crawl Stone Soup version 0.29-a0-1065-g47a6bb87d6 (webtiles) character file.

Game seed: 15267284596727202554

323 IdlyInterested the Trooper (level 6, 0/49 HPs)
             Began as a Demonspawn Wanderer on Aug 18, 2022.
             Slain by a white imp (1 damage)
             ... on level 5 of the Dungeon.
             The game lasted 00:11:37 (4223 turns).

IdlyInterested the Trooper (Demonspawn Wanderer)    Turns: 4223, Time: 00:11:38

Health: 0/49       AC:  7    Str: 14    XL:     6   Next: 23%
Magic:  7/7        EV: 11    Int: 12    God:
Gold:   130        SH:  0    Dex: 14    Spells: 6/7 levels left

rFire   . . .      SeeInvis .   k - +0 dagger (venom)
rCold   . . .      Faith    .   (no shield)
rNeg    . . .      Spirit   .   t - +2 leather armour {Will+}
rPois   +          Reflect  .   j - +0 helmet
rElec   .          Harm     .   (no cloak)
rCorr   .          Rampage  .   (no gloves)
Will    +....                   n - +0 pair of boots
Stlth   +.........              (no amulet)
HPRegen 0.16/turn               h - ring of poison resistance
MPRegen 0.10/turn               (no ring)

@: no status effects
A: icemail 1, condensation shield, weakness stinger 2
a: no special abilities


You were on level 5 of the Dungeon.
You visited 1 branch of the dungeon, and saw 5 of its levels.

You collected 130 gold pieces.

Inventory:

Hand Weapons
 k - a +0 dagger of venom (weapon)
 l - a +0 vorpal short sword
Missiles
 g - 6 boomerangs
 o - 2 javelins
 q - 2 poisoned darts
Armour
 j - a +0 helmet (worn)
 n - a +0 pair of boots (worn)
 t - a +2 leather armour of willpower (worn)
Magical Staves
 m - a staff of earth
Jewellery
 e - a ring of positive energy
 h - a ring of poison resistance (left hand)
Wands
 s - a wand of mindburst (10)
Scrolls
 f - 2 scrolls of fog
 r - 2 scrolls of brand weapon
Potions
 a - a potion of haste
 c - a potion of degeneration {unknown}
 d - 2 potions of curing
 i - 2 potions of brilliance
 p - a potion of lignification {unknown}
 v - a potion of attraction


   Skills:
 + Level 4.3 Fighting
 * Level 3.1 Short Blades
 - Level 1.0 Throwing
 - Level 1.0 Armour
 + Level 1.5 Dodging
 - Level 1.0 Shields
 - Level 1.0 Spellcasting
 + Level 3.7 Air Magic
 - Level 1.2 Invocations
 - Level 1.0 Evocations


You had 6 spell levels left.
You knew the following spells:

 Your Spells              Type           Power      Damage    Failure   Level
a - Shock                 Conj/Air       20%        1d4       17%         1

Your spell library contained the following spells:

 Spells                   Type           Power      Damage    Failure   Level
 Swiftness                Air            9%         N/A       24%         3
 Poisonous Vapours        Pois/Air       10%        N/A       26%         2
 Static Discharge         Conj/Air       5%         3-4/arc   26%         2
 Sandblast                Erth           0%         2d4       36%         1
 Passwall                 Tmut/Erth      0%         N/A       50%         2
 Airstrike                Air            4%         2d(1-17)  63%         4
 Conjure Flame            Conj/Fire      0%         6-21      73%         3
 Ignite Poison            Fire/Tmut/Pois 0%         N/A       73%         3
 Stone Arrow              Conj/Erth      0%         3d7       73%         3
 Sticky Flame             Conj/Fire      0%         2d3       98%         4


Dungeon Overview and Level Annotations

Branches:
Dungeon (5/15)
 Temple: D:4-7

Altars:

Shops:
D:4 (


Innate Abilities, Weirdness & Mutations

A meltable icy envelope protects you from harm. (AC +0)
A meltable shield of frost defends you. (SH +0)
You have a tail ending in a sharp stinger.


Message History

The orc wizard is heavily wounded.
The white imp closely misses you.
The orc wizard hits you with a +0 dagger.
You hit the orc wizard but do no damage.
The orc wizard looks as sick as possible!
Your tail-slap misses the orc wizard.
The orc wizard is severely wounded.
The white imp closely misses you. The orc wizard barely misses you.
You hit the orc wizard but do no damage.
Your tail-slap misses the orc wizard.
The orc wizard is severely wounded.
The orc priest invokes the aid of Beogh against you.
Beogh smites you!
* * * LOW HITPOINT WARNING * * *
The white imp closely misses you. The orc wizard closely misses you.
You feel better.
You kill the orc wizard!
The orc priest mumbles some strange prayers to Beogh against you.
Pain shoots through your body!
* * * LOW HITPOINT WARNING * * *
The white imp hits you but does no damage.
You feel better.
The orc priest looks encouraged for a moment.
The white imp hits you.
* * * LOW HITPOINT WARNING * * *
The white imp freezes you.
* * * LOW HITPOINT WARNING * * *
Unknown command.
The orc priest hits you but does no damage.
Things that are here:
a +0 dagger; a +0 robe You hit the orc priest.
The orc priest is poisoned.
Your tail-slap misses the orc priest.
The orc priest is lightly wounded.
The orc priest hits you with a +0 war axe.
* * * LOW HITPOINT WARNING * * *
A jelly comes into view.
The white imp shouts, "Turn tail, thou clouted kobold-kissing baggage!"
The white imp hits you.
You die... .. #.. .J##.## #.#.... ..... ..o. #. oo#

## .#. ###$. #o#.#
#.###......... #@#.#
......#..#....##5#.#
......#.^#.....#.#.#
..........##.......#
.........###....$.#.?...
...........##.....##....
...................#...l
.............##........!
..............##.##.....


You could see a jelly (wandering), an orc priest (very poisoned), a white imp
and 3 orcs.

Vanquished Creatures
  A jelly (D:4)
  3 iguanas
  3 orc wizards
  4 gnolls (D:5)
  4 adders
  A worm (D:3)
  A dart slug (D:4)
  5 orcs
  3 bats
  2 endoplasms
  2 giant cockroaches
  5 goblins
  9 hobgoblins
  3 jackals (D:3)
  4 quokkas
  9 ball pythons
  2 frilled lizards
  3 kobolds
  5 rats
69 creatures vanquished.

Notes
Turn   | Place    | Note
-------+----------+-------------------------------------------
     0 | D:1      | IdlyInterested the Demonspawn Wanderer began the quest for
                  | the Orb.
     0 | D:1      | IdlyInterested set off with the following items: a +0 club,
                  | a potion of heal wounds, a +0 leather armour, 2 potions of
                  | curing; and the following spell memorised: Shock; and the
                  | following spells available to memorise: Poisonous Vapours,
                  | Static Discharge.
     0 | D:1      | Reached XP level 1. HP: 18/18 MP: 2/2
   280 | D:1      | Found a faded altar of an unknown god.
   368 | D:1      | Gained mutation: A meltable shield of frost defends you.
                  | (SH +0) [demonic ancestry]
   368 | D:1      | Reached XP level 2. HP: 12/24 MP: 1/3
  1401 | D:2      | Gained mutation: You have a small tail. [demonic ancestry]
  1401 | D:2      | Reached XP level 3. HP: 28/29 MP: 4/4
  1552 | D:2      | Reached skill level 1 in Armour
  2097 | D:3      | Reached skill level 1 in Short Blades
  2173 | D:3      | Gained mutation: You have a tail ending in a sharp stinger.
                  | [demonic ancestry]
  2173 | D:3      | Reached XP level 4. HP: 25/37 MP: 0/5
  2607 | D:3      | Reached skill level 1 in Shields
  3160 | D:4      | Reached skill level 4 in Fighting
  3160 | D:4      | Gained mutation: A meltable icy envelope protects you from
                  | harm. (AC +0) [demonic ancestry]
  3160 | D:4      | Reached XP level 5. HP: 22/42 MP: 6/6
  3412 | D:4      | Found Ademooff's Weapon Emporium.
  3524 | D:4      | Reached skill level 1 in Dodging
  4127 | D:5      | Entered Level 5 of the Dungeon
  4158 | D:5      | Reached XP level 6. HP: 13/48 MP: 7/7
  4223 | D:5      | HP: 1/49 [orc priest/+0 war axe (3)]
  4223 | D:5      | Slain by a white imp

Illustrated notes

Levels and vault maps discovered:
D:1:      onia_arrival_pentagram, layout_rooms, chequers_ecumenical_altar_simple
D:2:      layout_basic, kennysheep_doodads
D:3:      layout_basic, st_stairs_10
D:4:      layout_layer_cave, nicolae_take_the_stairs
D:5:      layout_cave_pools, general_overflow_altar

Skill      XL: |  1  2  3  4  5 |
---------------+----------------+-----
Air Magic      | 3 |  3.7
Armour         | 1 |  1.0
Short Blades   | 1 2 3 |  3.1
Shields        | 1 |  1.0
Fighting       | 4 |  4.3
Dodging        | 1 |  1.5
Throwing       | |  1.0
Spellcasting   | |  1.0
Invocations    | |  1.2
Evocations     | |  1.0

Action                   |  1- 3 |  4- 6 || total
-------------------------+-------+-------++-------
Melee: Club              |    59 |       ||    59
       Short sword       |    44 |       ||    44
       Dagger            |    18 |   140 ||   158
       Tailslap          |     4 |    17 ||    21
       Punch             |       |     4 ||     4
 Cast: Shock             |    22 |     2 ||    24
  Use: Scroll            |     4 |     5 ||     9
       Potion            |       |     3 ||     3
Armor: Ring mail         |    35 |    17 ||    52
       Leather armour    |       |    27 ||    27
Dodge: Dodged            |    67 |    69 ||   136
Block: Other             |    17 |    15 ||    32

Table legend: (Time is in decaauts)
 A = Elapsed time spent in this place.
 B = Non-inter-level travel time spent in this place.
 C = Inter-level travel time spent in this place.
 D = Time resting spent in this place.
 E = Time spent auto-exploring this place.
 F = Levels seen in this place.
 G = Mean time per level.
                   A        B        C        D        E       F      G
               +--------+--------+--------+--------+--------+-----+--------+
         Total |   4229 |   3841 |    388 |    784 |   2169 |   5 |  845.8 |
       Dungeon |   4229 |   3841 |    388 |    784 |   2169 |   5 |  845.8 |
               +--------+--------+--------+--------+--------+-----+--------+

Top non-repeatable levels by time:
     D:3: 1105 daAuts
     D:2: 1067 daAuts
     D:4: 1045 daAuts
     D:1: 921 daAuts
     D:5: 89 daAuts
